 Dungeon Crawl Stone Soup version 0.18-a0-1702-gd20c6a5 (webtiles) character file.

81 vev the Stinger (level 4, -4/33 HPs)
             Began as a Vampire Venom Mage on Apr 7, 2016.
             Slain by a gnoll
             ... wielding a +0 spear
              (8 damage)
             ... on level 2 of the Dungeon.
             The game lasted 00:12:02 (2908 turns).

vev the Stinger (Vampire Venom Mage)                Turns: 2908, Time: 00:12:02

Health: -4/33      AC:  4    Str:  8    XL:     4   Next: 19%
Magic:  7/7        EV:  7    Int: 17    God:
Gold:   170        SH:  0    Dex: 14    Spells: 3 memorised, 1 level left

rFire  . . .     SeeInvis +     a - +0 glaive
rCold  + . .     Gourm    .     c - +0 robe
rNeg   + + .     Faith    .     (shield currently unavailable)
rPois  +         Spirit   .     i - +0 helmet
rElec  .         Dismiss  .     (no cloak)
rCorr  .         Reflect  .     n - +0 pair of gloves
SustAt .         Harm     .     (no boots)
MR     .....                    (no amulet)
Stlth  ++........               (no ring)
                                (no ring)

@: regenerating slowly, not resistant to hostile enchantments, unstealthy
A: fangs 3, see invisible, unbreathing
a: Bat Form


You were on level 2 of the Dungeon.
You were very thirsty.

You visited 1 branch of the dungeon, and saw 3 of its levels.

You collected 170 gold pieces.

Inventory:

Hand Weapons
 a - a +0 glaive (weapon)
 e - a +0 short sword
Armour
 c - a +0 robe (worn)
 i - a +0 helmet (worn)
 n - a +0 pair of gloves (worn)
Scrolls
 d - a scroll of amnesia {unknown}
 g - a scroll of teleportation {unknown}
 h - 2 scrolls of identify {unknown}
 k - a scroll of enchant weapon {unknown}
 l - a scroll of recharging {unknown}
 m - a scroll of magic mapping {unknown}
 p - a scroll of remove curse {unknown}
Potions
 f - a potion of invisibility {unknown}
 j - 2 potions of lignification {unknown}
 o - a potion of resistance {unknown}
 q - 13 potions of blood
Books
 b - a Young Poisoner's Handbook

   Spells                             Type                      Level
   a - Sting                          Conjuration/Poison           1
   b - Cure Poison                    Poison                       2
   c - Mephitic Cloud                 Conjuration/Poison/Air       3
   d - Olgreb's Toxic Radiance        Poison                       4
   e - Venom Bolt                     Conjuration/Poison           5


   Skills:
 - Level 1.7 Fighting
 + Level 2.2 Polearms
 - Level 1.2 Armour
 - Level 2.1 Dodging
 - Level 3.0 Stealth
 - Level 2.0 Spellcasting
 - Level 3.6 Poison Magic


You had one spell level left.
You knew the following spells:

 Your Spells              Type           Power        Failure   Level  Hunger
a - Sting                 Conj/Pois      #...         12%         1    #......
b - Cure Poison           Pois           ##........   10%         2    ###....
c - Mephitic Cloud        Conj/Pois/Air  #.......     38%         3    ###....


Dungeon Overview and Level Annotations

Branches:
Dungeon (3/15)

Altars:


Innate Abilities, Weirdness & Mutations

You heal slowly.
You have razor-sharp teeth.
You have supernaturally acute eyesight.
You can survive without breathing.


Message History

You miscast Sting.
You are very lightly contaminated with residual magic.
Sparks fly from your hands!
The gnoll hits you from afar with a spear!
* * * LOW HITPOINT WARNING * * *
Casting: Sting
Confirm with . or Enter, or press ? or * to list all spells.
Aiming: Sting
Press: ? - help, Shift-Dir - straight line, f/p - gnoll
Aim: a gnoll, wielding a spear (heavily wounded)
The sting misses the gnoll.
The gnoll completely misses you.
Your magical contamination has completely faded away.
You are feeling very thirsty.
You fail to use your ability.
The gnoll hits you from afar with a spear!
* * * LOW HITPOINT WARNING * * *
The gnoll hits you but does no damage.
There is a stone staircase leading up here.
The gnoll hits you from afar with a spear!
You die...

.....######.# ##.#........#
##### ##.#..####..# ##...##
...#..#.....# #.###.##
........##.## #.#
#..########### #####..###.#
#.###............# #......#
#รท.....#########.# #...####
#.####.# #.# #...# #@.g...#
#.# #...# ######.# #.#
#...####### #.# #.#
#.........# #.#########.#
#####....####.## #.##.....##..
..............g####
#.##.....####
..................# #.......)#
........)......##g# #..#.....#
#####....####.###.###..#..(..#


You could see a gnoll.

Vanquished Creatures
  A gnoll (D:2)
  An adder (D:2)
  An ooze (D:2)
  2 worms (D:2)
  A dart slug (D:2)
  4 giant geckos
  A giant cockroach (D:1)
  3 goblins
  5 hobgoblins
  3 jackals (D:1)
  A ball python (D:1)
  9 bats
  2 giant newts (D:1)
  5 kobolds (D:2)
  11 rats
50 creatures vanquished.

Notes
Turn   | Place    | Note
--------------------------------------------------------------
     0 | D:1      | vev the Vampire Venom Mage began the quest for the Orb.
     0 | D:1      | Reached XP level 1. HP: 13/13 MP: 3/3
   534 | D:1      | Reached skill level 1 in Fighting
   594 | D:1      | Reached XP level 2. HP: 21/21 MP: 5/5
   815 | D:1      | Reached skill level 1 in Armour
  1323 | D:1      | Learned a level 2 spell: Cure Poison
  1345 | D:2      | Reached XP level 3. HP: 27/27 MP: 6/6
  1606 | D:2      | Reached skill level 1 in Polearms
  2263 | D:2      | Learned a level 3 spell: Mephitic Cloud
  2395 | D:2      | Reached XP level 4. HP: 21/33 MP: 2/7
  2908 | D:2      | Slain by a gnoll

Vault maps used:
D:1:      minmay_arrival_shattered_statue, minmay_hedge_maze
D:3:      kennysheep_boxes

Skill      XL: |  1  2  3 |
---------------+----------+-----
Fighting       | 1 |  1.7
Armour         | 1 |  1.2
Polearms       | 2 |  2.2
Dodging        | |  2.1
Stealth        | |  3.0
Spellcasting   | |  2.0
Poison Magic   | |  3.6

Action                   |  1- 3 |  4- 6 || total
-------------------------+-------+-------++-------
Melee: Unarmed           |    36 |       ||    36
       Short sword       |    52 |       ||    52
       Glaive            |    55 |    15 ||    70
 Cast: Sting             |    41 |     5 ||    46
       Cure Poison       |     1 |       ||     1
  Use: Potion            |     4 |     1 ||     5
 Stab: Sleeping          |    12 |       ||    12
       Distracted        |     1 |       ||     1
